 Dungeon Crawl Stone Soup version 0.30.0-29-ga12c61a403 (webtiles) character file.

Game seed: 9985825071554764958

1307 monsoonserge the Cutter (level 9, -4/72 HPs)
             Began as a Meteoran Wanderer on June 21, 2023.
             Shot with a sling bullet by Joseph (16 damage)
             ... on level 7 of the Dungeon.
             The game lasted 00:23:22 (2674 turns).

monsoonserge the Cutter (Meteoran Wanderer)         Turns: 2674, Time: 00:23:22

Health: -4/72      AC: 12    Str: 15    XL:     9   Next: 12%
Magic:  10/10      EV: 13    Int: 10    God:
Gold:   321        SH:  0    Dex: 27    Spells: 8/8 levels left

rFire   . . .        b - +0 sling
rCold   . . .        H - orb {*Rage}
rNeg    . . .        K - +4 ring mail
rPois   .            g - +0 helmet
rElec   .            (no cloak)
rCorr   .            k - +0 pair of gloves
SInv    .            (no boots)
Will    +....        (no amulet)
Stlth   +            x - +6 ring of dexterity
HPRegen 0.32/turn    M - +4 ring of slaying
MPRegen 0.12/turn

%: random rage (20%)
@: glowing
A: sense surroundings 2, otherworldly, glowing, explore regen
a: no special abilities


You were on level 7 of the Dungeon.
You visited 1 branch of the dungeon, and saw 7 of its levels.

You collected 321 gold pieces.

Inventory:

Hand Weapons
 a - a +2 short sword of venom
 b - a +0 sling (weapon)
 d - a +0 dagger
 j - a +0 hand axe
 A - a +0 rapier
 B - a +1 short sword of venom
 L - a +2 vampiric dagger
Missiles
 c - 14 boomerangs
 p - 5 poisoned darts
Armour
 f - a +0 leather armour
 g - a +0 helmet (worn)
 k - a +0 pair of gloves (worn)
 H - an orb of wrath (worn)
 J - the +3 leather armour "Jipnimaf" {rCorr Str+3 Dex-3}
   (You found it on level 6 of the Dungeon)

   Str:       It affects your strength (+3).
   Dex:       It affects your dexterity (-3).
   rCorr:     It protects you from acid and corrosion.
 K - a +4 ring mail (worn)
Jewellery
 x - a +6 ring of dexterity (left hand)
 F - a ring of poison resistance
 I - an amulet of magic regeneration
 M - a +4 ring of slaying (right hand)
Wands
 D - a wand of paralysis (11)
 G - a wand of flame (16)
Scrolls
 i - a scroll of fear {unknown}
 n - 3 scrolls of immolation {unknown}
 o - a scroll of amnesia {unknown}
 q - 3 scrolls of identify {unknown}
 t - 2 scrolls of noise {unknown}
 y - 3 scrolls of teleportation {unknown}
 z - a scroll of fog {unknown}
 E - 2 scrolls of brand weapon {unknown}
 N - 3 scrolls of silence {unknown}
Potions
 e - 2 potions of lignification
 h - a potion of heal wounds {unknown}
 l - a potion of magic {unknown}
 m - a potion of degeneration {unknown}
 r - a potion of mutation {unknown}
 s - 2 potions of attraction {unknown}
 u - 4 potions of flight {unknown}
 v - a potion of berserk rage {unknown}
 w - a potion of curing {unknown}
 C - a potion of ambrosia {unknown}


   Skills:
 + Level 4.4 Fighting
 + Level 6.5 Short Blades
 - Level 2.4 Axes
 + Level 5.7 Ranged Weapons
 + Level 3.1 Throwing
 + Level 4.5 Armour
 + Level 3.7 Dodging
 + Level 1.0 Stealth
 + Level 0.2 Evocations


You had 8 spell levels left.
You didn't know any spells.
Your spell library contained the following spells:

 Spells                   Type           Power      Damage    Failure   Level
 Gell's Gravitas          Tloc           0%         N/A       91%         3
 Teleport Other           Tloc           0%         N/A       91%         3
 Passage of Golubria      Tloc           0%         N/A       100%        4
 Silence                  Hex/Air        0%         N/A       100%        5
 Dispersal                Tloc           0%         N/A       100%        6
 Lehudib's Crystal Spear  Conj/Erth      0%         10d2      100%        8


Dungeon Overview and Level Annotations

Branches:
Dungeon (7/15) Zot: 1532
 Temple: D:4-7

Altars:
Dithmenos
Sif Muna
Xom

Annotations:
D:7 Joseph


Innate Abilities, Weirdness & Mutations

You passively map the area around you.
You are easily found by Zot.
You glow in the dark.
You regain HP and MP as you explore.


Message History

Found a stone staircase leading down.
t - 2 scrolls labelled NUDWYHUMEST (gained 1)
Found a scroll labelled USENLOA KOCSI.
n - 3 scrolls labelled USENLOA KOCSI (gained 1)
There is a stone staircase leading down here.
You climb downwards.
Found 13 gold pieces.
There is a stone staircase leading up here.
You now have 309 gold pieces (gained 13).
There are no items here.
Found 3 scrolls labelled ICOKINGOGURPH.
Found 12 gold pieces.
Found an escape hatch in the floor.
Found a stone staircase leading up.
N - 3 scrolls labelled ICOKINGOGURPH
There are no items here.
You now have 321 gold pieces (gained 12).
There are no items here.
Joseph, a Mercenary comes into view.
He is wielding a +2 quarterstaff of draining and wearing a +0 ring mail of willpower.
Joseph shouts!
Joseph unwields a +2 quarterstaff of draining.
Joseph wields a +0 sling.
Joseph shoots a sling bullet.
The sling bullet hits you!
You shoot a sling bullet. The sling bullet barely misses Joseph.
Joseph shoots a sling bullet.
The sling bullet closely misses you.
You shoot a sling bullet. The sling bullet hits Joseph.
Joseph is lightly wounded.
You shoot a sling bullet. The sling bullet hits Joseph!
Joseph is lightly wounded.
Joseph shoots a sling bullet.
The sling bullet hits you!
You shoot a sling bullet.
The sling bullet hits Joseph but does no damage.
Joseph is lightly wounded.
Joseph shoots a sling bullet.
The sling bullet hits you!
Joseph shoots a sling bullet.
The sling bullet hits you!
Joseph shoots a sling bullet.
The sling bullet hits you!
* * * LOW HITPOINT WARNING * * *
There is an escape hatch in the floor, spattered with blood here.
Joseph shoots a sling bullet.
The sling bullet hits you!
You die...

, *
##...##...#####<. *
, **
#.....#....##.... ,
, ##.....#.#...###.#
* ,
#........##....#.. *
,
##........###......
,
#.........##...##.#
, , , *
##.............###.#
* , ,*
#............### ###
, , *
#..@##....#....#
#....###..####..#
#.....##.##* ..# , *
,........#.. .##
#.###......... ,## #
* ##....@.... , * *
*#........ * ,, , ,
,........., , , ,,,
, ,, *


You could see Joseph.

Vanquished Creatures
  Grinder (D:3)
  A water moccasin (D:6)
  An ice beast (D:5)
  A black bear (D:4)
  A phantom (D:6)
  4 scorpions
  2 hounds
  A jelly (D:6)
  2 sleepcaps (D:6)
  Ijyb (D:5)
  2 iguanas
  3 orc wizards
  Natasha (thrice) (D:2)
  5 adders
  A shadow imp (D:6)
  An ufetubus (D:5)
  4 dart slugs
  13 orcs
  4 endoplasms
  2 giant cockroaches
  3 goblins
  13 hobgoblins
  2 jackals (D:3)
  2 kobolds
  3 quokkas
  3 ball pythons
  4 bats
  3 frilled lizards
  4 rats
90 creatures vanquished.

Notes
Turn   | Place    | Note
-------+----------+-------------------------------------------
     0 | D:1      | monsoonserge the Meteoran Wanderer began the quest for the
                  | Orb.
     0 | D:1      | monsoonserge set off with the following items: a +0 rapier,
                  | a +0 hand axe, 8 boomerangs, a +0 dagger, a potion of
                  | lignification, a +0 leather armour.
     0 | D:1      | Reached XP level 1. HP: 16/16 MP: 2/2
   141 | D:1      | Reached XP level 2. HP: 23/23 MP: 3/3
   289 | D:1      | Reached skill level 4 in Short Blades
   313 | D:1      | Reached XP level 3. HP: 24/28 MP: 4/4
   460 | D:2      | Noticed Natasha
   470 | D:2      | Killed Natasha
   471 | D:2      | Reached XP level 4. HP: 32/35 MP: 5/5
   487 | D:2      | Reached skill level 1 in Ranged Weapons
   526 | D:2      | Noticed Natasha
   538 | D:2      | Killed Natasha
   539 | D:2      | Reached XP level 5. HP: 3/40 MP: 6/6
   637 | D:2      | Noticed Natasha
   648 | D:2      | Killed Natasha
  1022 | D:3      | Found a shadowy altar of Dithmenos.
  1053 | D:3      | Noticed Grinder
  1070 | D:3      | Killed Grinder
  1071 | D:3      | Reached skill level 5 in Short Blades
  1071 | D:3      | Reached XP level 6. HP: 31/48 MP: 7/7
  1071 | D:3      | Reached XP level 7. HP: 36/55 MP: 8/8
  1172 | D:3      | Found a shimmering blue altar of Sif Muna.
  1374 | D:3      | Found a shimmering altar of Xom.
  1708 | D:5      | Entered Level 5 of the Dungeon
  1831 | D:5      | Reached skill level 6 in Short Blades
  1831 | D:5      | Reached XP level 8. HP: 63/63 MP: 9/9
  1957 | D:5      | Noticed Ijyb
  1973 | D:5      | Killed Ijyb
  2286 | D:6      | Reached skill level 5 in Ranged Weapons
  2286 | D:6      | Identified the +3 leather armour "Jipnimaf" {rCorr Str+3
                  | Dex-3}
  2310 | D:6      | Reached skill level 1 in Stealth
  2495 | D:6      | Gained mutation: You passively map the area around you.
                  | [Meteoran growth]
  2495 | D:6      | Reached XP level 9. HP: 71/71 MP: 10/10
  2666 | D:7      | Noticed Joseph
  2674 | D:7      | Shot with a sling bullet by Joseph

Illustrated notes

Levels and vault maps discovered:
D:1:      grunt_arrival_lava_bath, layout_basic, minmay_crystal_water
D:2:      layout_loops_cross, shapermc_ecumenical_altar_mp_highgroup,
          nrook_uturn, uniq_natasha
D:3:      layout_basic, mainiacjoe_overflow_cross_hatched,
          mainiacjoe_overflow_tiny_flanked,
          nicolae_dithmenos_through_a_glass_darkly, lemuel_doored_altar,
          uniq_grinder
D:4:      black_bear_nest_1, layout_rooms, minmay_temple_entry_glass
D:5:      layout_loops_cross, uniq_ijyb
D:6:      layout_rooms
D:7:      minmay_the_grid_four_pointed_star
          [minmay_the_grid_triangle_9x9_thin_v,
          minmay_the_grid_triangle_9x9_intruding_spiral,
          minmay_the_grid_triangle_9x9_negative_grid,
          minmay_the_grid_triangle_9x9_pentomino_pain,
          minmay_the_grid_prize_diamond_cup], layout_cave_pools,
          lemuel_flame_loot_1, uniq_joseph

Skill      XL: |  1  2  3  4  5  6  7  8 |
---------------+-------------------------+-----
Short Blades   | 4 5 6 |  6.5
Armour         | 3 4 |  4.5
Ranged Weapons | 2 3 4 5 |  5.7
Fighting       | 2 3 4 |  4.4
Dodging        | 2 3 |  3.7
Throwing       | 3 |  3.1
Stealth        | 1 |  1.0
Axes           | |  2.4
Evocations     | |  0.2

Action                     |  1- 3 |  4- 6 |  7- 9 || total
---------------------------+-------+-------+-------++-------
  Melee: Rapier            |    37 |   107 |     3 ||   147
         Punch             |       |     1 |     1 ||     2
         Dagger            |       |       |   183 ||   183
         Short sword       |       |       |    18 ||    18
   Fire: Sling             |    18 |    14 |    52 ||    84
  Throw: Dart              |       |     3 |       ||     3
         Boomerang         |       |     2 |    18 ||    20
  Evoke: Wand              |       |       |     2 ||     2
   Stab: Paralysed         |       |       |     2 ||     2
 Armour: Leather armour    |    12 |    41 |    36 ||    89
         Ring mail         |       |       |    19 ||    19
  Dodge: Dodged            |    15 |    53 |    85 ||   153
